 Dungeon Crawl Stone Soup version 0.28-a0-1429-gf3d713df7a (webtiles) character file.

Game seed: 5323434817253515432

399 bande the Covered (level 6, -8/39 HPs)
             Began as a Gargoyle Fighter on Jan 9, 2022.
             Killed by divine providence
             ... invoked by an orc priest
              (15 damage)
             ... on level 4 of the Dungeon.
             The game lasted 00:07:05 (5343 turns).

bande the Covered (Gargoyle Fighter)                Turns: 5343, Time: 00:07:06

Health: -8/39      AC: 11    Str: 19    XL:     6   Next: 84%
Magic:  6/6        EV:  9    Int:  9    God:
Gold:   46         SH:  0    Dex: 11    Spells: 5/5 levels left

rFire   . . .      SeeInvis .   a - +0 war axe
rCold   . . .      Faith    .   c - +0 buckler
rNeg    + . .      Spirit   .   b - +0 scale mail
rPois   ∞          Reflect  .   (no helmet)
rElec   +          Harm     .   (no cloak)
rCorr   +          Rampage  .   (no gloves)
Will    .....                   (no boots)
Stlth   ..........              (no amulet)
HPRegen 0.13/turn               e - ring of resist corrosion
MPRegen 0.10/turn               (no ring)

@: confused
A: sickness immunity, AC +4, negative energy resistance 1, electricity
resistance, torment resistance 1, petrification resistance
a: no special abilities


You were on level 4 of the Dungeon.
You visited 1 branch of the dungeon, and saw 4 of its levels.

You collected 46 gold pieces.

Inventory:

Hand Weapons
 a - a +0 war axe (weapon)
 j - a +0 flail
Armour
 b - a +0 scale mail (worn)
 c - a +0 buckler (worn)
Jewellery
 e - a ring of resist corrosion (left hand)
Scrolls
 f - a scroll of amnesia {unknown}
Potions
 d - a potion of might
 g - 2 potions of heal wounds {unknown}
 h - 2 potions of flight
 i - 2 potions of degeneration {unknown}


   Skills:
 + Level 4.4 Fighting
 + Level 4.5 Axes
 + Level 4.8 Armour
 - Level 0.2 Stealth
 + Level 4.2 Shields


You had 5 spell levels left.
You didn't know any spells.
Your spell library contained the following spells:

 Spells                   Type           Power      Damage    Failure   Level
 Sandblast                Erth           0%         2d4       83%         1
 Passwall                 Tmut/Erth      0%         N/A       92%         2
 Static Discharge         Conj/Air       0%         N/A       92%         2
 Stone Arrow              Conj/Erth      0%         3d7       99%         3
 Lightning Bolt           Conj/Air       0%         1d11      100%        5
 Maxwell's Capacitive Co  Air            0%         ∞         100%        8


Dungeon Overview and Level Annotations

Branches:
Dungeon (4/15)
 Temple: D:4-7

Altars:
Makhleb
Vehumet
Xom
Zin


Innate Abilities, Weirdness & Mutations

You are immune to sickness and miasma.
Your stone body is resilient. (AC +4)
You are immune to poison.
You resist negative energy. (rN+)
You are resistant to electric shocks. (rElec)
You are resistant to unholy torment.
You are immune to petrification.


Message History

There is an open door here.
The orc wizard shouts!
You hear a shout!
An orc comes into view.
It is wielding a +0 whip and wearing a +1 leather armour of willpower.
The orc priest looks encouraged for a moment.
You closely miss the orc priest.
You hit the orc wizard but do no damage.
You barely miss the orc priest.
The orc wizard points at you and mumbles some strange words.
The magic dart hits you but does no damage.
You closely miss the orc wizard. You closely miss the orc.
You barely miss the orc priest.
The orc wizard points at you and mumbles some strange words.
You are confused.
The orc misses you.
The orc priest invokes the aid of Beogh against you.
Pain shoots through your body!
An orc priest comes into view. It is wielding a +0 dagger.
The orc priest shouts!
You miss the orc priest. You hit the orc. You miss the orc wizard.
The orc wizard hits you with a +1 dagger of draining.
The orc hits you but does no damage.
The orc priest hits you but does no damage.
The orc wizard hits you but does no damage.
The orc closely misses you.
Unknown command.
Unknown command.
You closely miss the orc priest. You completely miss the orc.
You hit the orc wizard. The orc priest barely misses you.
The orc priest calls down the wrath of Beogh upon you.
Beogh smites you!
An orc priest comes into view. It is wielding a +0 flail.
The orc wizard completely misses you. The orc hits you but does no damage.
The orc priest hits you with a +0 dagger.
The orc priest calls down the wrath of Beogh upon you.
Beogh smites you!
* * * LOW HITPOINT WARNING * * *
The orc priest barely misses you.
The orc priest invokes the aid of Beogh against you.
Beogh smites you!
You die...

...... ###.. $.....
#.... ...... +<...
.....##### #.##.
#.....o. #####.##.
#.....o# #..<.....
#....o.# #........
#....oo##########..###
#....#@##....#####..###
#... #..#....'..#.)))..
#.. #..#....#..+.)....
#. #..'....#..##....# #
#..#....#..##....#
#..#....#........#
#..+....#..##.....
#..#....#..##.....
#..#....#..#######


You could see 3 orc priests, an orc wizard and an orc.

Vanquished Creatures
  Pargi (D:3)
  A water moccasin skeleton (D:4)
  An orc priest (D:2)
  An iguana (D:3)
  3 orc wizards
  5 adders
  A dart slug (D:3)
  8 orcs
  4 ball pythons
  7 endoplasms
  2 giant cockroaches (D:1)
  7 goblins
  6 hobgoblins
  12 bats
  13 frilled lizards
  A kobold (D:4)
  9 rats
82 creatures vanquished.

Vanquished Creatures (others)
  7 plants (D:1)
7 creatures vanquished.

Grand Total: 89 creatures vanquished

Notes
Turn   | Place    | Note
-------+----------+-------------------------------------------
     0 | D:1      | bande the Gargoyle Fighter began the quest for the Orb.
     0 | D:1      | Reached XP level 1. HP: 14/14 MP: 1/1
   389 | D:1      | Reached XP level 2. HP: 19/19 MP: 2/2
   414 | D:1      | Found a faded altar of an unknown god.
   907 | D:1      | Reached XP level 3. HP: 16/23 MP: 3/3
  1600 | D:2      | Reached XP level 4. HP: 20/29 MP: 4/4
  2688 | D:3      | Noticed Pargi
  2691 | D:3      | Reached XP level 5. HP: 33/33 MP: 5/5
  2729 | D:3      | Killed Pargi
  3763 | D:2      | Reached XP level 6. HP: 16/38 MP: 6/6
  4644 | D:3      | Found a glowing silver altar of Zin.
  4645 | D:3      | Found a shimmering altar of Xom.
  4647 | D:3      | Found a burning altar of Makhleb.
  4647 | D:3      | Found a radiant altar of Vehumet.
  5343 | D:4      | Killed from afar by an orc priest

Illustrated notes

Levels and vault maps discovered:
D:1:      minmay_arrival_checkered_box, layout_basic,
          shapermc_ecumenical_altar_notcrosses, minmay_lizard_king
D:2:      layout_basic, grunt_decor_mini_mirrors
D:3:      layout_basic, mainiacjoe_overflow_alcove_3, uniq_pargi
D:4:      layout_gridville, nicolae_dithmenos_the_darkroom

Skill      XL: |  1  2  3  4  5 |
---------------+----------------+-----
Axes           | 2 3 4 |  4.5
Armour         | 4 |  4.8
Fighting       | 4 |  4.4
Shields        | 4 |  4.2
Stealth        | |  0.2

Action                   |  1- 3 |  4- 6 || total
-------------------------+-------+-------++-------
Melee: War axe           |   113 |   173 ||   286
  Use: Scroll            |     3 |     3 ||     6
       Potion            |       |     2 ||     2
Armor: Scale mail        |    58 |   154 ||   212
Dodge: Dodged            |    43 |   156 ||   199
Block: Buckler           |    23 |    66 ||    89

Table legend: (Time is in decaauts)
 A = Elapsed time spent in this place.
 B = Non-inter-level travel time spent in this place.
 C = Inter-level travel time spent in this place.
 D = Time resting spent in this place.
 E = Time spent auto-exploring this place.
 F = Levels seen in this place.
 G = Mean time per level.
                   A        B        C        D        E       F      G
               +--------+--------+--------+--------+--------+-----+--------+
         Total |   5458 |   5411 |     47 |   2354 |   2229 |   4 | 1364.5 |
       Dungeon |   5458 |   5411 |     47 |   2354 |   2229 |   4 | 1364.5 |
               +--------+--------+--------+--------+--------+-----+--------+

Top non-repeatable levels by time:
     D:2: 1946 daAuts
     D:3: 1923 daAuts
     D:1: 1400 daAuts
     D:4: 188 daAuts
